3A
ROCKY MOUNTAIN VIBES @ IDAHO FALLS CHUKARS
08/12/2034
 
TOP OF THE 1ST
Rocky Mountain Vibes batting - Pitching for Idaho Falls Chukars : RHP Nate Johnstone
Pitching: RHP Nate Johnstone
Batting: RHB Brook Linen 0-0: Ball
1-0: DOUBLE (Line Drive, 78M)
Batting: RHB Harley Colman 0-0: Foul Ball, location: 2F
0-1: Foul Ball, location: 2F
0-2: Strikes out swinging
Batting: RHB Chris Gordon 0-0: Ball
1-0: SINGLE (Groundball, 5) (infield hit)
Brook Linen to third
Batting: RHB Douglas von Bittenfeld 0-0: Ball
Chris Gordon steals 2nd base
1-0: Called Strike
1-1: DOUBLE (Line Drive, 89D)
Brook Linen scores
Chris Gordon scores
Batting: LHB Juan Carlos Vázquez 0-0: Ball
1-0: Foul Ball, location: 2F
1-1: Hit by Pitch
Batting: RHB George Cook 0-0: Fly out, F5 (Line Drive, 5S)
Batting: SHB Chien-shih Dun 0-0: DOUBLE (Line Drive, 7LM)
Douglas von Bittenfeld scores
Juan Carlos Vázquez to third
Runner from 3rd tries for Home, SAFE, no throw
Batting: RHB Gary Ellis 0-0: Called Strike
0-1: Foul Ball, location: 2F
0-2: Ball
1-2: Ball
2-2: Foul Ball, location: 2F
2-2: Strikes out swinging
Top of the 1st over - 4 runs, 4 hits, 0 errors, 1 left on base; Rocky Mountain 4 - Idaho Falls 0
BOTTOM OF THE 1ST
Idaho Falls Chukars batting - Pitching for Rocky Mountain Vibes : LHP Júlio Díaz
Pitching: LHP Júlio Díaz
Batting: SHB Ricardo Ríos 0-0: Ball
1-0: SINGLE (Groundball, 6MD)
Batting: RHB Kelyn Diallo 0-0: Called Strike
0-1: Called Strike
0-2: Strikes out looking
Batting: RHB Tadamichi Yamamoto 0-0: Called Strike
0-1: Swinging Strike
0-2: Strikes out swinging
Batting: RHB Bellmay Blake 0-0: Ball
1-0: Foul Ball, location: 2F
1-1: SINGLE (Groundball, 56D)
Ricardo Ríos to second
Batting: SHB Joel Washington 0-0: Ball
1-0: Swinging Strike
1-1: Fly out, F7 (Flyball, 78M)
Bottom of the 1st over - 0 runs, 2 hits, 0 errors, 2 left on base; Rocky Mountain 4 - Idaho Falls 0
TOP OF THE 2ND
Rocky Mountain Vibes batting - Pitching for Idaho Falls Chukars : RHP Nate Johnstone
Batting: RHB Manuel Santos 0-0: Foul Ball, location: 2F
0-1: Fly out, F9 (Line Drive, 89M)
Batting: RHB Brook Linen 0-0: Ball
1-0: Called Strike
1-1: Foul Ball, location: 2F
1-2: SINGLE (Groundball, 6MD)
Batting: RHB Harley Colman 0-0: Ball
1-0: Fly out, F7 (Line Drive, 7)
Batting: RHB Chris Gordon 0-0: Ball
1-0: Swinging Strike
1-1: Swinging Strike
1-2: Foul Ball, location: 2F
1-2: Fly out, F5 (Line Drive, 5S)
Top of the 2nd over - 0 runs, 1 hit, 0 errors, 1 left on base; Rocky Mountain 4 - Idaho Falls 0
BOTTOM OF THE 2ND
Idaho Falls Chukars batting - Pitching for Rocky Mountain Vibes : LHP Júlio Díaz
Batting: RHB Ernesto Rivera 0-0: Called Strike
0-1: Ball
1-1: Ground out 5-3 (Groundball, 56)
Batting: LHB Emosi Whiu 0-0: Ball
1-0: SINGLE (Flyball, 89S)
Batting: RHB Toby Caunce 0-0: Called Strike
0-1: Called Strike
0-2: Ball
1-2: Ball
2-2: Ball
3-2: Strikes out swinging
Batting: RHB Jacques Devaux 0-0: Foul Ball, location: 2F
0-1: DOUBLE (Line Drive, 8RD)
Emosi Whiu to third
Runner from 3rd tries for Home, SAFE, no throw
Batting: SHB Ricardo Ríos 0-0: Called Strike
0-1: Ball
1-1: Fly out, F9 (Flyball, 89D)
Bottom of the 2nd over - 1 run, 2 hits, 0 errors, 1 left on base; Rocky Mountain 4 - Idaho Falls 1
TOP OF THE 3RD
Rocky Mountain Vibes batting - Pitching for Idaho Falls Chukars : RHP Nate Johnstone
Batting: RHB Douglas von Bittenfeld 0-0: Called Strike
0-1: Swinging Strike
0-2: Ball
1-2: Ball
2-2: Ball
3-2: Fly out, F9 (Flyball, 89M)
Batting: LHB Juan Carlos Vázquez 0-0: Foul Ball, location: 2F
0-1: Foul Ball, location: 2F
0-2: Ball
1-2: Ball
2-2: SINGLE (Line Drive, 9LM)
Batting: RHB George Cook 0-0: Foul Ball, location: 2F
0-1: Called Strike
0-2: Strikes out looking
Batting: SHB Chien-shih Dun 0-0: Foul Ball, location: 2F
0-1: Swinging Strike
0-2: Ball
1-2: Foul Ball, location: 2F
1-2: Ball
2-2: DOUBLE (Line Drive, 8LD)
Juan Carlos Vázquez to third
Runner from 3rd tries for Home, SAFE, no throw
Batting: RHB Gary Ellis 0-0: Ground out 5-3 (Groundball, 5L)
Top of the 3rd over - 1 run, 2 hits, 0 errors, 1 left on base; Rocky Mountain 5 - Idaho Falls 1
BOTTOM OF THE 3RD
Idaho Falls Chukars batting - Pitching for Rocky Mountain Vibes : LHP Júlio Díaz
Batting: RHB Kelyn Diallo 0-0: Ground out 6-3 (Groundball, 6)
Batting: RHB Tadamichi Yamamoto 0-0: Ball
1-0: Fly out, F7 (Flyball, 7D)
Batting: RHB Bellmay Blake 0-0: Ball
1-0: Ball
2-0: Called Strike
2-1: Called Strike
2-2: Strikes out looking
Bottom of the 3rd over - 0 runs, 0 hits, 0 errors, 0 left on base; Rocky Mountain 5 - Idaho Falls 1
TOP OF THE 4TH
Rocky Mountain Vibes batting - Pitching for Idaho Falls Chukars : RHP Nate Johnstone
Batting: RHB Manuel Santos 0-0: Called Strike
0-1: Foul Ball, location: 2F
0-2: Ball
1-2: Strikes out swinging
Batting: RHB Brook Linen 0-0: Foul Ball, location: 2F
0-1: Called Strike
0-2: Ball
1-2: Strikes out swinging
Batting: RHB Harley Colman 0-0: Ball
1-0: SINGLE (Groundball, 56D)
Pitching: LHP Albert Hernández
Batting: RHB Chris Gordon 0-0: Ball
1-0: Ball
2-0: Foul Ball, location: 2F
2-1: Swinging Strike
2-2: Strikes out looking
Top of the 4th over - 0 runs, 1 hit, 0 errors, 1 left on base; Rocky Mountain 5 - Idaho Falls 1
BOTTOM OF THE 4TH
Idaho Falls Chukars batting - Pitching for Rocky Mountain Vibes : LHP Júlio Díaz
Batting: SHB Joel Washington 0-0: Ball
1-0: Swinging Strike
1-1: SOLO HOME RUN (Line Drive, 7LD), Distance : 395 ft
Batting: RHB Ernesto Rivera 0-0: Ball
1-0: Foul Ball, location: 2F
1-1: Fly out, F7 (Flyball, 7LS)
Batting: LHB Emosi Whiu 0-0: Ground out 4-3 (Groundball, 34D)
Batting: RHB Toby Caunce 0-0: Foul Ball, location: 2F
0-1: Ball
1-1: Swinging Strike
1-2: Ground out 1-3 (Groundball, 15)
Bottom of the 4th over - 1 run, 1 hit, 0 errors, 0 left on base; Rocky Mountain 5 - Idaho Falls 2
TOP OF THE 5TH
Rocky Mountain Vibes batting - Pitching for Idaho Falls Chukars : LHP Albert Hernández
Batting: RHB Douglas von Bittenfeld 0-0: Ball
1-0: Foul Ball, location: 2F
1-1: Called Strike
1-2: Ball
2-2: Strikes out swinging
Batting: LHB Juan Carlos Vázquez 0-0: Foul Ball, location: 2F
0-1: Ball
1-1: Ball
2-1: Foul Ball, location: 2F
2-2: Ball
3-2: SINGLE (Line Drive, 6MD)
Batting: RHB George Cook 0-0: Called Strike
0-1: Foul Ball, location: 2F
0-2: Ball
1-2: Ball
2-2: Reached on error, E5 (Groundball, 56)
Juan Carlos Vázquez to second
Batting: SHB Chien-shih Dun 0-0: Swinging Strike
0-1: Ball
1-1: Foul Ball, location: 2F
1-2: Ball
2-2: Ball
3-2: Base on Balls
Juan Carlos Vázquez to third
George Cook to second
Batting: RHB Gary Ellis 0-0: Called Strike
0-1: Swinging Strike
0-2: Ball
1-2: Ball
2-2: Fly out, F7 (Flyball, 7D)
Runner from 3rd tags up, SCORES, throw made
Batting: RHB Manuel Santos 0-0: Swinging Strike
0-1: Called Strike
0-2: Ball
1-2: Strikes out swinging
Top of the 5th over - 1 run, 1 hit, 1 error, 2 left on base; Rocky Mountain 6 - Idaho Falls 2
BOTTOM OF THE 5TH
Idaho Falls Chukars batting - Pitching for Rocky Mountain Vibes : LHP Júlio Díaz
Batting: RHB Jacques Devaux 0-0: Ball
1-0: Called Strike
1-1: Foul Ball, location: 2F
1-2: Fly out, F7 (Flyball, 7)
Batting: SHB Ricardo Ríos 0-0: Ball
1-0: Called Strike
1-1: Foul Ball, location: 2F
1-2: Ball
2-2: Strikes out swinging
Batting: RHB Kelyn Diallo 0-0: Fly out, F7 (Flyball, 7)
Bottom of the 5th over - 0 runs, 0 hits, 0 errors, 0 left on base; Rocky Mountain 6 - Idaho Falls 2
TOP OF THE 6TH
Rocky Mountain Vibes batting - Pitching for Idaho Falls Chukars : LHP Albert Hernández
Batting: RHB Brook Linen 0-0: SINGLE (Line Drive, 9S)
Batting: RHB Harley Colman 0-0: Sac Bunt - play at first, batter OUT! 5-3
Brook Linen to second
Batting: RHB Chris Gordon 0-0: Fly out, F9 (Flyball, 9)
Batting: RHB Douglas von Bittenfeld 0-0: Intentional Walk
Batting: LHB Juan Carlos Vázquez 0-0: Ball
Douglas von Bittenfeld steals 2nd base
Brook Linen to third
1-0: Ball
2-0: Foul Ball, location: 2F
2-1: Swinging Strike
2-2: Strikes out swinging
Top of the 6th over - 0 runs, 1 hit, 0 errors, 2 left on base; Rocky Mountain 6 - Idaho Falls 2
BOTTOM OF THE 6TH
Idaho Falls Chukars batting - Pitching for Rocky Mountain Vibes : LHP Júlio Díaz
Batting: RHB Tadamichi Yamamoto 0-0: Fly out, F7 (Flyball, 7)
Batting: RHB Bellmay Blake 0-0: Called Strike
0-1: Swinging Strike
0-2: Ball
1-2: Strikes out looking
Batting: SHB Joel Washington 0-0: Ball
1-0: Foul Ball, location: 2F
1-1: Ball
2-1: Called Strike
2-2: Ball
3-2: Foul Ball, location: 2F
3-2: Foul Ball, location: 2F
3-2: SINGLE (Line Drive, 6M)
Batting: RHB Ernesto Rivera 0-0: Swinging Strike
0-1: SINGLE (Groundball, 6MD)
Joel Washington to second
Runner from 2nd tries for 3rd, SAFE, no throw
Batting: LHB Emosi Whiu 0-0: Fly out, F7 (Flyball, 78M)
Bottom of the 6th over - 0 runs, 2 hits, 0 errors, 2 left on base; Rocky Mountain 6 - Idaho Falls 2
TOP OF THE 7TH
Rocky Mountain Vibes batting - Pitching for Idaho Falls Chukars : LHP Albert Hernández
Batting: RHB George Cook 0-0: Ball
1-0: Foul Ball, location: 2F
1-1: Ball
2-1: Fly out, F8 (Flyball, 78M)
Batting: SHB Chien-shih Dun 0-0: Foul Ball, location: 2F
0-1: Fly out, F9 (Flyball, 9S)
Batting: RHB Gary Ellis 0-0: Called Strike
0-1: Ball
1-1: Called Strike
1-2: Ball
2-2: SINGLE (Line Drive, 8LS)
Batting: RHB Manuel Santos 0-0: Foul Ball, location: 2F
0-1: Fielders Choice at 2nd, 5-4 (Groundball, 56)
Top of the 7th over - 0 runs, 1 hit, 0 errors, 1 left on base; Rocky Mountain 6 - Idaho Falls 2
BOTTOM OF THE 7TH
Idaho Falls Chukars batting - Pitching for Rocky Mountain Vibes : LHP Júlio Díaz
Batting: RHB Toby Caunce 0-0: DOUBLE (Groundball, 5L)
Batting: RHB Jacques Devaux 0-0: Called Strike
0-1: Ball
1-1: Ground out 4-3 (Groundball, 4)
Toby Caunce to third
Batting: SHB Ricardo Ríos 0-0: Ball
1-0: Fly out, F9 (Flyball, 9S)
Batting: RHB Kelyn Diallo 0-0: Foul Ball, location: 2F
0-1: Foul Ball, location: 2F
0-2: Fly out, F8 (Line Drive, 8LM)
Bottom of the 7th over - 0 runs, 1 hit, 0 errors, 1 left on base; Rocky Mountain 6 - Idaho Falls 2
TOP OF THE 8TH
Rocky Mountain Vibes batting - Pitching for Idaho Falls Chukars : LHP Albert Hernández
Batting: RHB Brook Linen 0-0: Called Strike
0-1: Swinging Strike
0-2: Strikes out swinging
Batting: RHB Harley Colman 0-0: Swinging Strike
0-1: Ground out 6-3 (Groundball, 6)
Batting: RHB Chris Gordon 0-0: Called Strike
0-1: Ball
1-1: Foul Ball, location: 2F
1-2: Strikes out looking
Top of the 8th over - 0 runs, 0 hits, 0 errors, 0 left on base; Rocky Mountain 6 - Idaho Falls 2
BOTTOM OF THE 8TH
Idaho Falls Chukars batting - Pitching for Rocky Mountain Vibes : LHP Júlio Díaz
Batting: RHB Tadamichi Yamamoto 0-0: Swinging Strike
0-1: Ball
1-1: Ball
2-1: Called Strike
2-2: Fly out, F5 (Popup, 25)
Batting: RHB Bellmay Blake 0-0: SINGLE (Groundball, 4MD)
Batting: SHB Joel Washington 0-0: Ball
1-0: Ball
2-0: Called Strike
2-1: Foul Ball, location: 2F
2-2: Foul Ball, location: 2F
2-2: Ball
3-2: Foul Ball, location: 2F
3-2: Foul Ball, location: 2F
3-2: Foul Ball, location: 2F
3-2: Fly out, F7 (Line Drive, 78D)
Batting: RHB Ernesto Rivera 0-0: Foul Ball, location: 2F
0-1: Foul Ball, location: 2F
0-2: Hit by Pitch
Bellmay Blake to second
Batting: LHB Emosi Whiu 0-0: Ball
1-0: Called Strike
1-1: Ball
2-1: Ball
3-1: Ground out 1-3 (Groundball, 13)
Bottom of the 8th over - 0 runs, 1 hit, 0 errors, 2 left on base; Rocky Mountain 6 - Idaho Falls 2
TOP OF THE 9TH
Rocky Mountain Vibes batting - Pitching for Idaho Falls Chukars : LHP Albert Hernández
Batting: RHB Douglas von Bittenfeld 0-0: Ball
1-0: Ball
2-0: Ball
3-0: Base on Balls
Pitching: RHP Alonso Rodríguez
Batting: LHB Juan Carlos Vázquez 0-0: Called Strike
0-1: Swinging Strike
0-2: Ball
1-2: Hit by Pitch
Douglas von Bittenfeld to second
Batting: RHB George Cook 0-0: Foul Ball, location: 2F
0-1: Ball
1-1: Swinging Strike
1-2: Strikes out swinging
Batting: SHB Chien-shih Dun 0-0: Swinging Strike
0-1: Called Strike
0-2: Strikes out swinging
Batting: RHB Gary Ellis 0-0: Called Strike
0-1: Swinging Strike
0-2: Strikes out looking
Top of the 9th over - 0 runs, 0 hits, 0 errors, 2 left on base; Rocky Mountain 6 - Idaho Falls 2
BOTTOM OF THE 9TH
Idaho Falls Chukars batting - Pitching for Rocky Mountain Vibes : LHP Júlio Díaz
Pitching: RHP Caodong Liu
Batting: RHB Toby Caunce 0-0: Called Strike
0-1: Ball
1-1: Ball
2-1: Fly out, F8 (Flyball, 8LD)
Batting: RHB Jacques Devaux 0-0: Ball
1-0: Foul Ball, location: 2F
1-1: Ball
2-1: Ball
3-1: Ground out 6-3 (Groundball, 6S)
Batting: SHB Ricardo Ríos 0-0: Fly out, F8 (Flyball, 8LM)
Bottom of the 9th over - 0 runs, 0 hits, 0 errors, 0 left on base; Rocky Mountain 6 - Idaho Falls 2
Friday, March 29th, 2019 - OOTP Baseball 18.8 Build 76